 Dungeon Crawl Stone Soup version 0.25-a0-302-g9f758675c1 (webtiles) character file.

Game seed: 12486956999510576778, levelgen mode: deterministic

2247 DerDa the Magician (level 9, -6/51 HPs)
             Began as an Octopode Fire Elementalist on Dec 20, 2019.
             Was a Follower of Sif Muna.
             Mangled by a vampire
             ... wielding a +0 rapier
              (15 damage)
             ... on level 7 of the Dungeon.
             The game lasted 00:26:28 (7363 turns).

DerDa the Magician (Octopode Fire Elementalist)     Turns: 7363, Time: 00:26:29

Health: -6/51      AC:  1    Str: 12    XL:     9   Next: 37%
Magic:  1/20       EV: 13    Int: 20    God:    Sif Muna [*.....]
Gold:   464        SH:  0    Dex: 13    Spells: 10/23 levels left

rFire    . . .     SeeInvis .   y - +4 rapier
rCold    + . .     Gourm    .   (no shield)
rNeg     . . .     Faith    .   (helmet restricted)
rPois    .         Spirit   .   q - +3 amulet of reflection
rElec    .         Reflect  +   G - ring of flight
rCorr    .         Harm     .   I - ring of protection from cold
MR       .....                  c - ring of attention (curse)
Stlth    +.........             (no ring)
HPRegen  0.17/turn              (no ring)
MPRegen  0.17/turn              (no ring)
                                (no ring)
                                (no ring)

@: confused, mighty
A: almost no armour, stealthy swim, amphibious, 8 rings, constrict 8, camouflage
1, gelatinous body 1
a: Channel Magic, Renounce Religion, Evoke Flight


You were on level 7 of the Dungeon.
You worshipped Sif Muna.
Sif Muna was aware of your devotion.
You were hungry.

You visited 2 branches of the dungeon, and saw 8 of its levels.
You also visited: Sewer.

You collected 464 gold pieces.

Inventory:

Hand Weapons
 l - a +0 mace
 y - a +4 rapier (weapon)
 E - the +1 dagger "Leviticus" {venom, rPois}
   (You found it on level 5 of the Dungeon)

   It poisons the flesh of those it strikes.
   It protects you from poison.
 J - a +0 hand axe of venom
Missiles
 f - 235 stones (quivered)
 h - 78 bolts
 j - 151 arrows
 m - 51 sling bullets
 u - 21 poisoned darts
Armour
 F - a +0 buckler
Magical Staves
 L - an uncursed staff of summoning {unknown}
Jewellery
 c - a cursed ring of attention (on tentacle)
 q - a +3 amulet of reflection (around mantle)
 G - a ring of flight (left tentacle)
 H - an uncursed amulet of regeneration
 I - a ring of protection from cold (right tentacle)
Wands
 B - a wand of iceblast (10)
 M - a wand of disintegration (7)
Scrolls
 d - 3 scrolls of fog
 i - 5 scrolls of remove curse
 k - 6 scrolls of teleportation
 n - a scroll of immolation
 p - 2 scrolls of enchant armour
 s - 3 scrolls of noise
 t - a scroll of blinking
 w - 2 scrolls of magic mapping
 K - a scroll of vulnerability {unknown}
Potions
 e - 2 potions of agility {unknown}
 g - 5 potions of lignification
 o - a potion of mutation {unknown}
 r - 2 potions of might
 v - 3 potions of brilliance {unknown}
 x - a potion of flight {unknown}
 z - 5 potions of heal wounds {unknown}
 A - 9 potions of curing {unknown}
 C - 2 potions of magic {unknown}
 D - a potion of invisibility {unknown}
Comestibles
 a - a chunk of flesh
 b - 17 rations


   Skills:
 - Level 2.0 Dodging
 - Level 3.1 Stealth
 * Level 1.8 Shields
 * Level 7.9 Spellcasting
 + Level 5.8 Conjurations
 + Level 6.8 Fire Magic


You had 10 spell levels left.
You knew the following spells:

 Your Spells              Type           Power        Failure   Level  Hunger
a - Foxfire               Conj/Fire      ####         1%          1    None
b - Conjure Flame         Conj/Fire      ####....     1%          3    None
c - Sticky Flame          Conj/Fire      ####....     6%          4    ###....
d - Fireball              Conj/Fire      ####......   17%         5    #####..

Your spell library contained the following spells:

 Spells                   Type           Power        Failure   Level  Hunger
 Inner Flame              Hex/Fire       ###.....     6%          3    None
 Beastly Appendage        Tmut           #.....       9%          1    None
 Sticks to Snakes         Tmut           #.......     13%         2    None
 Spider Form              Tmut/Pois      #.........   26%         3    None
 Ice Form                 Ice/Tmut       #.......     65%         4    ###....
 Blade Hands              Tmut           #.........   94%         5    #####..


Dungeon Overview and Level Annotations

Branches:
Dungeon (7/15)             Temple (1/1) D:6           Sewer (visited)

Altars:
Ashenzari
Cheibriados
Dithmenos
Elyvilon
Fedhas
Gozag
Hepliaklqana
Kikubaaqudgha
Makhleb
Nemelex Xobeh
Okawaru
Qazlal
Ru
Sif Muna
Trog
Uskayaw
Vehumet
Wu Jian
Yredelemnul
Zin

Annotations:
D:2 Terence


Innate Abilities, Weirdness & Mutations

You cannot wear most types of armour.
You are very stealthy in the water. (Stealth+)
You are amphibious.
You can wear up to eight rings at the same time.
You can use your tentacles to constrict eight enemies at once.
Your skin changes colour to match your surroundings (Stealth+).
Your rubbery body absorbs attacks. (AC +1, EV +1)


Message History

Press: ? - help, Shift-Dir - straight line The fireball explodes!
The fireball engulfs something.
You hear a shout! x2
Something hits you!
You completely miss something. Something barely misses you. Something hits you!
Something hits you.
You hear some strange, mumbled words.
You are confused.
You bump into the stone wall.
Something hits you.
You bump into the stone wall.
Something barely misses you.
You're too confused!
Unknown command.
You're too confused!
Unknown command.
It was a potion of might.
You feel very mighty all of a sudden. Something hits you!
* * * LOW HITPOINT WARNING * * *
Something hits you!
You die...

#
#.#.#.#######.#.###.#
#####..........รท....#
##.##..#.##.#.#####
#....#.# #.#.#
#####(.####.#.#
.#...##.#..#.#
#.##.###.#.#.#
..#.{.......#.#
..###@###'###.#.# ##
#..{#P...P#.#.# . #.
##..#.###.#...# #. .#
##.#.#)#.#..## .#.
#..#.#+#.#..# #..
#....#.#P. WP#..#
......##.##.#######..#
{...................##
#.# .#####.##.#######


There were no monsters in sight!

Vanquished Creatures
  Grinder (D:5)
  A hippogriff (D:7)
  Sigmund (D:5)
  A sky beast (D:6)
  An ogre (D:4)
  3 centaurs
  2 big kobolds (Sewer)
  2 bullfrogs (D:6)
  A scorpion (D:7)
  A water moccasin skeleton (D:5)
  A bullfrog zombie (D:5)
  3 crimson imps
  A centaur zombie (D:6)
  A hound (D:6)
  2 jellies (D:6)
  5 orc priests
  An orc wizard (D:4)
  A centaur skeleton (D:5)
  An iguana (D:4)
  A worker ant (D:4)
  A hound zombie (D:6)
  A hound skeleton (D:6)
  2 gnolls (D:6)
  12 adders
  10 river rats
  A shadow imp (D:5)
  An ooze (D:2)
  2 adder skeletons (D:6)
  6 worms
  2 dart slugs
  4 leopard geckos
  25 orcs
  7 bats
  9 giant cockroaches
  4 hobgoblins
  6 jackals
  20 kobolds
  2 quokkas
  10 ball pythons
  2 frilled lizards
  3 goblins
  A jackal skeleton (D:5)
  23 rats
185 creatures vanquished.

Vanquished Creatures (others)
  460 foxfires
  2 plants (D:7)
462 creatures vanquished.

Grand Total: 647 creatures vanquished

Notes
Turn   | Place    | Note
-------+----------+-------------------------------------------
     0 | D:1      | DerDa the Octopode Fire Elementalist began the quest for
                  | the Orb.
     0 | D:1      | Reached XP level 1. HP: 11/11 MP: 3/3
   136 | D:1      | Reached XP level 2. HP: 17/17 MP: 0/5
   481 | D:1      | You fall into a shaft and drop 1 floor!
   508 | D:2      | Reached XP level 3. HP: 15/21 MP: 1/6
  1346 | D:2      | Reached XP level 4. HP: 25/27 MP: 6/8
  1448 | D:2      | Reached skill level 3 in Spellcasting
  1577 | D:2      | Noticed Terence
  2315 | D:3      | Reached XP level 5. HP: 30/31 MP: 6/10
  2879 | D:3      | Found a glowing silver altar of Zin.
  3392 | D:4      | Noticed an ogre
  3399 | D:4      | Killed an ogre
  3399 | D:4      | Reached skill level 4 in Spellcasting
  3399 | D:4      | Reached XP level 6. HP: 36/36 MP: 5/12
  3485 | D:4      | Found a glowing drain.
  3497 | Sewer    | Entered a sewer
  3933 | Sewer    | Reached XP level 7. HP: 41/41 MP: 10/14
  4224 | Sewer    | Reached skill level 5 in Spellcasting
  4420 | Sewer    | Reached skill level 5 in Fire Magic
  4723 | D:4      | Found a blossoming altar of Fedhas.
  4898 | D:4      | Found a shimmering blue altar of Sif Muna.
  4904 | D:4      | Became a worshipper of Sif Muna the Loreminder
  4909 | D:4      | Learned a level 3 spell: Conjure Flame
  4914 | D:4      | Learned a level 4 spell: Sticky Flame
  4920 | D:4      | Learned a level 5 spell: Fireball
  4937 | D:5      | Entered Level 5 of the Dungeon
  5343 | D:5      | Reached XP level 8. HP: 44/46 MP: 12/16
  5350 | D:5      | Noticed Sigmund
  5369 | D:5      | Noticed Grinder
  5374 | D:5      | Killed Sigmund
  5374 | D:5      | Reached skill level 6 in Spellcasting
  5381 | D:5      | Killed Grinder
  5497 | D:5      | Got a scorched dagger
  5538 | D:5      | Identified the +1 dagger "Leviticus" {venom, rPois} (You
                  | found it on level 5 of the Dungeon)
  5597 | D:5      | Found a snail-covered altar of Cheibriados.
  5865 | D:6      | Reached skill level 5 in Conjurations
  5922 | D:6      | Reached skill level 7 in Spellcasting
  5937 | D:6      | Found a staircase to the Ecumenical Temple.
  5970 | Temple   | Entered the Ecumenical Temple
  6518 | D:6      | Reached * piety under Sif Muna
  6518 | D:6      | Reached XP level 9. HP: 45/51 MP: 10/20
  7168 | D:7      | Reached skill level 1 in Shields
  7363 | D:7      | Mangled by a vampire

Levels and vault maps discovered:
D:1:      scummos_arrival_simple_crosswalls, layout_loops_ring,
          minmay_misc_feat_five
D:2:      layout_loops_ring, chequers_serial_rivers_micro_c, minmay_tromino_v2,
          uniq_terence
D:3:      layout_loops_cross, zin_treasury
D:4:      layout_loops_ring, led_sif_pool, fedhas_altar_3, portal_sewer_entry_b
D:5:      layout_basic, first_ration, kennysheep_slug_shrine, uniq_sigmund,
          uniq_grinder
D:6:      minmay_thinvault, layout_loops_ring, minmay_temple_entry_junction
D:7:      layout_loops_corners, tso_metal_star, minmay_shattered_shrine
Temple:   eino_temple_scatter_basement

Skill      XL: |  1  2  3  4  5  6  7  8  9 |
---------------+----------------------------+-----
Stealth        | 3 |  3.1
Spellcasting   | 3 4 5 7 |  7.9
Conjurations   | 2 3 4 5 |  5.8
Fire Magic     | 4 5 6 |  6.8
Shields        | 1 |  1.8
Dodging        | |  2.0

Action                   |  1- 3 |  4- 6 |  7- 9 || total
-------------------------+-------+-------+-------++-------
Melee: Unarmed           |    27 |    12 |       ||    39
       Constrict         |     8 |    14 |    19 ||    41
       Tentacles         |     3 |    12 |    13 ||    28
       Mace              |       |    33 |    10 ||    43
       Rapier            |       |       |    78 ||    78
       Dagger            |       |       |     3 ||     3
Throw: Stone             |       |     1 |       ||     1
 Cast: Foxfire           |    44 |    99 |   138 ||   281
       Conjure Flame     |       |       |     5 ||     5
       Sticky Flame      |       |       |     5 ||     5
       Fireball          |       |       |     8 ||     8
  Use: Scroll            |       |     3 |     7 ||    10
       Potion            |       |       |     2 ||     2
 Stab: Sleeping          |       |       |     6 ||     6
  Eat: Chunk             |     2 |     7 |    13 ||    22
Armor: Skin              |     7 |     7 |    13 ||    27
Dodge: Dodged            |    46 |    45 |    54 ||   145
Block: Other             |       |     3 |     8 ||    11

Table legend:
 A = Non-vault XP
 B = Vault XP
 C = Vault XP percentage of total XP
 D = Non-vault monster count
 E = Vault monster count
 F = Vault count percentage of total count
                 A         B        C        D         E       F
            +---------+---------+-------+---------+---------+-------
      Total |    1816 |    1394 |  43.4 |     110 |      75 |  40.5
            +---------+---------+-------+---------+---------+-------
        D:1 |      42 |       1 |   2.3 |      16 |       1 |   5.9
        D:2 |      66 |       1 |   1.5 |      13 |       1 |   7.1
        D:3 |     160 |       0 |   0.0 |      24 |       0 |   0.0
        D:4 |     305 |      52 |  14.6 |      18 |      10 |  35.7
        D:5 |     321 |     503 |  61.0 |      15 |       3 |  16.7
        D:6 |     422 |     459 |  52.1 |      13 |      11 |  45.8
        D:7 |     500 |       3 |   0.6 |      11 |       1 |   8.3
      Sewer |       0 |     375 | 100.0 |       0 |      48 | 100.0
            +---------+---------+-------+---------+---------+-------
